 Dungeon Crawl Stone Soup version 0.19-a0-975-gfff5315 (webtiles) character file.

429 inmateoo the Chopper (level 6, -18/56 HPs)
             Began as a Minotaur Arcane Marksman on July 13, 2016.
             Demolished by 4thArraOfDagon's ghost (20 damage)
             ... on level 5 of the Dungeon.
             The game lasted 00:04:48 (4192 turns).

inmateoo the Chopper (Minotaur Arcane Marksman)     Turns: 4192, Time: 00:04:49

Health: -18/56     AC:  6    Str: 18    XL:     6   Next: 66%
Magic:  6/6        EV: 11    Int: 10    God:
Gold:   235        SH:  0    Dex: 11    Spells: 1 memorised, 6 levels left

rFire  . . .     SeeInvis .     u - +0 hand axe
rCold  . . .     Gourm    .     m - +1 ring mail
rNeg   . . .     Faith    .     (no shield)
rPois  .         Spirit   .     (helmet restricted)
rElec  .         Dismiss  .     (no cloak)
rCorr  .         Reflect  .     (no gloves)
SustAt +         Harm     .     (no boots)
MR     .....                    (no amulet)
Stlth  +.........               e - ring of sustain attributes
                                t - +2 ring of dexterity

@: not resistant to hostile enchantments, very unstealthy
A: retaliatory headbutt, horns 2
a: no special abilities


You were on level 5 of the Dungeon.
You were not hungry.

You visited 1 branch of the dungeon, and saw 5 of its levels.

You collected 235 gold pieces.

Inventory:

Hand Weapons
 u - a +0 hand axe (weapon)
Missiles
 c - 9 javelins
 d - a throwing net (quivered)
Armour
 m - a +1 ring mail (worn)
 v - a +0 scale mail
 x - a +0 chain mail
Jewellery
 e - a ring of sustain attributes (right hand)
 t - a +2 ring of dexterity (left hand)
Scrolls
 g - 2 scrolls of teleportation
 h - a scroll of recharging {unknown}
 j - 2 scrolls of fear
 o - 2 scrolls of amnesia {unknown}
 q - 4 scrolls of remove curse {unknown}
Potions
 a - a potion of curing
 k - a potion of berserk rage
 l - a potion of haste
 p - a potion of ambrosia
 r - a potion of might {unknown}
 s - a potion of lignification {unknown}
Books
 b - a book of Debilitation

   Spells                             Type                      Level
   a - Corona                         Hexes                        1
   b - Slow                           Hexes                        2
   c - Gell's Gravitas                Hexes/Translocation          3
   d - Inner Flame                    Hexes/Fire                   3
   e - Cause Fear                     Hexes                        4
   f - Leda's Liquefaction            Hexes/Earth                  4
 y - a book of Transfigurations

   Spells                             Type                      Level
   a - Irradiate                      Conjuration/Transmutation    5
   b - Statue Form                    Transmutation/Earth          6
   c - Hydra Form                     Transmutation                6
   d - Dragon Form                    Transmutation                7
Comestibles
 f - 2 bread rations
 i - a slice of pizza
 n - a meat ration
 w - a royal jelly
 z - 2 chunks of flesh


   Skills:
 - Level 5.0 Fighting
 * Level 5.5 Axes
 - Level 2.0 Throwing
 - Level 3.0 Armour
 - Level 2.1 Dodging
 - Level 1.0 Spellcasting
 - Level 2.0 Hexes


You had 6 spell levels left.
You knew the following spells:

 Your Spells              Type           Power        Failure   Level  Hunger
a - Corona                Hex            #......      30%         1    ##.....


Dungeon Overview and Level Annotations

Branches:
Dungeon (5/15)
 Temple: D:4-7

Altars:
Qazlal

Annotations:
D:5 4thArraOfDagon's ghost, weakling HaEn


Innate Abilities, Weirdness & Mutations

You reflexively headbutt those who attack you in melee.
You have a pair of horns on your head.


Message History

Unknown command.
Press: ? - help, v - describe, . - travel
Here: 4thArraOfDagon's ghost, wielding a weapon of electrocution (moderately damaged)
The floor.
You barely miss 4thArraOfDagon's ghost.
Your headbutt misses 4thArraOfDagon's ghost. 4thArraOfDagon's ghost is moderately damaged. 4thArraOfDagon's ghost barely misses you.
You hit 4thArraOfDagon's ghost. 4thArraOfDagon's ghost is heavily damaged. 4thArraOfDagon's ghost hits you!
You are electrocuted!
Your ring mail prevents you from hitting 4thArraOfDagon's ghost. 4thArraOfDagon's ghost is heavily damaged. 4thArraOfDagon's ghost hits you.
You are electrocuted!
* * * LOW HITPOINT WARNING * * *
You slash 4thArraOfDagon's ghost! 4thArraOfDagon's ghost is severely damaged. 4thArraOfDagon's ghost hits you but does no damage.
You are electrocuted!
You die...

## .? #.##
#..# ...
#.####.#
###W#<...#
#..@.#####
#....#
#....#
#/....#
#...#.#
#<..#.#
#!..#.#
#####.#


You could see 4thArraOfDagon's ghost.

Vanquished Creatures
  2 howler monkeys (D:4)
  2 hounds (D:4)
  A quasit (D:5)
  2 orc priests
  2 worker ants (D:4)
  A hound skeleton (D:4)
  5 adders
  2 oozes (D:3)
  2 worms (D:2)
  A dart slug (D:2)
  3 giant geckos
  7 orcs
  A ball python (D:4)
  2 giant cockroaches
  9 goblins
  8 hobgoblins
  6 jackals
  4 quokkas
  7 bats
  3 giant newts (D:1)
  4 kobolds
  5 rats
79 creatures vanquished.

Notes
Turn   | Place    | Note
-------+----------+-------------------------------------------
     0 | D:1      | inmateoo the Minotaur Arcane Marksman began the quest for the Orb.
     0 | D:1      | Reached XP level 1. HP: 16/16 MP: 1/1
   296 | D:1      | Reached XP level 2. HP: 12/25 MP: 2/2
  1402 | D:2      | Reached XP level 3. HP: 26/31 MP: 3/3
  2016 | D:2      | Reached skill level 1 in Armour
  2160 | D:3      | Reached XP level 4. HP: 39/41 MP: 4/4
  3175 | D:3      | Found a stormy altar of Qazlal.
  3237 | D:3      | Reached skill level 5 in Fighting
  3239 | D:3      | Reached skill level 1 in Axes
  3239 | D:3      | Reached XP level 5. HP: 20/48 MP: 5/5
  3986 | D:4      | Reached XP level 6. HP: 52/56 MP: 6/6
  4094 | D:4      | Reached skill level 5 in Axes
  4170 | D:5      | Entered Level 5 of the Dungeon
  4186 | D:5      | Noticed 4thArraOfDagon's ghost (weakling HaEn)
  4191 | D:5      | HP: 2/56 [4thArraOfDagon's ghost (20)]
  4192 | D:5      | Demolished by 4thArraOfDagon's ghost

Vault maps used:
D:1:      dpeg_arrival_castle, minmay_domino_4
D:2:      grunt_decor_one_mirror, minmay_randomly_rotated_circles
D:3:      grunt_ministairs_15, nicolae_qazlal_eye_of_the_storm
D:5:      first_bread, uniq_menkaure

Skill      XL: |  1  2  3  4  5  6 |
---------------+-------------------+-----
Fighting       | 2 3 4 5 |  5.0
Armour         | 1 2 3 |  3.0
Axes           | 1 3 5 |  5.5
Throwing       | |  2.0
Dodging        | |  2.1
Spellcasting   | |  1.0
Hexes          | |  2.0

Action                   |  1- 3 |  4- 6 || total
-------------------------+-------+-------++-------
Melee: Unarmed           |   185 |    63 ||   248
       Headbutt          |    21 |    20 ||    41
       Hand axe          |       |    96 ||    96
Throw: Javelin           |     4 |     3 ||     7
       Throwing net      |     3 |     1 ||     4
  Use: Scroll            |     6 |     2 ||     8
  Eat: Chunk             |     4 |     7 ||    11
Armor: Leather armour    |    14 |       ||    14
       Robe              |     5 |       ||     5
       Ring mail         |    40 |    83 ||   123
Dodge: Dodged            |   115 |   122 ||   237
